[ AOE2 MATCH · #463780480 ]
Team RMVietnamese vs Burgundians
[ REPLAY ANALYSIS · EXTRACTED FROM THE RECORDED GAME ]
Feudal
—
Castle
—
Imperial
—
| APM avg | 9.8 |
| APM peak | 18 |
| eAPM avg | 7.1 |
| Villagers / military | 69 / 30 |
Focus
⚔️ 32.2% · 🌾 67.8%
Archer ×26 · Militia ×2 · Trade Cart ×2 · Battering Ram ×1 · Trebuchet (Packed) ×1
Feudal
—
Castle
—
Imperial
—
| APM avg | 11.2 |
| APM peak | 29 |
| eAPM avg | 8.0 |
| Villagers / military | 110 / 15 |
Focus
⚔️ 13.0% · 🌾 87.0%
Woad Raider ×12 · Scout Cavalry ×3
Feudal
—
Castle
—
Imperial
—
| APM avg | 8.1 |
| APM peak | 25 |
| eAPM avg | 6.4 |
| Villagers / military | 37 / 77 |
Focus
⚔️ 40.0% · 🌾 60.0%
Militia ×36 · Spearman ×19 · Archer ×13 · Skirmisher ×9
Feudal
—
Castle
—
Imperial
—
| APM avg | 9.5 |
| APM peak | 23 |
| eAPM avg | 7.3 |
| Villagers / military | 59 / 21 |
Focus
⚔️ 23.3% · 🌾 76.7%
Spearman ×12 · Trade Cog ×11 · Trade Cart ×10 · Militia ×6 · Archer ×3 · Fishing Ship ×3
Feudal
—
Castle
—
Imperial
—
| APM avg | 16.6 |
| APM peak | 36 |
| eAPM avg | 9.7 |
| Villagers / military | 44 / 33 |
Focus
⚔️ 20.7% · 🌾 79.3%
Archer ×12 · Fishing Ship ×10 · Knight ×8 · Scout Cavalry ×6 · Skirmisher ×3 · Battering Ram ×2
Feudal
—
Castle
—
Imperial
—
| APM avg | 14.8 |
| APM peak | 31 |
| eAPM avg | 8.4 |
| Villagers / military | 53 / 16 |
Focus
⚔️ 30.0% · 🌾 70.0%
Unknown (2550) ×25 · Fishing Ship ×21 · Kamayuk ×10 · Battering Ram ×4 · Unknown (2626) ×4 · Mangonel ×2
Feudal
—
Castle
—
Imperial
—
| APM avg | 9.3 |
| APM peak | 21 |
| eAPM avg | 6.5 |
| Villagers / military | 38 / 39 |
Focus
⚔️ 33.1% · 🌾 66.9%
Jaguar Warrior ×16 · Archer ×10 · Militia ×10 · Fishing Ship ×6 · Battering Ram ×2 · Petard ×1
Feudal
—
Castle
—
Imperial
—
| APM avg | 10.9 |
| APM peak | 40 |
| eAPM avg | 6.4 |
| Villagers / military | 44 / 0 |
Focus
⚔️ 17.6% · 🌾 82.4%
Fishing Ship ×4 · Unknown (2626) ×1
Match map
Initial resources + every placement click. Lines = walls · curves = elevation contours. ◆ gold · ⬟ stone · ● berries · ✦ relic · ◌ wall gap
Inputs per minute
— SkilzDatKilz845 - - Jaereg
Build order — SkilzDatKilz845
First 150 of 153 actions detected
| 3:06 | Build | Town Center |
| 3:55 | Build | House |
| 3:57 | Build | House |
| 3:59 | Build | House |
| 4:45 | Create | Villager (Male) |
| 4:47 | Create | Villager (Male) |
| 4:50 | Research | Loom |
| 4:51 | Create | Villager (Male) ×3 |
| 7:03 | Create | Villager (Male) |
| 7:27 | Create | Villager (Male) |
| 7:28 | Create | Villager (Male) |
| 7:41 | Create | Villager (Male) |
| 8:26 | Create | Villager (Male) |
| 8:55 | Create | Villager (Male) |
| 9:28 | Create | Villager (Male) |
| 9:29 | Create | Villager (Male) |
| 9:38 | Create | Villager (Male) |
| 10:53 | Create | Villager (Male) |
| 10:54 | Create | Villager (Male) |
| 10:54 | Create | Villager (Male) |
| 11:21 | Build | Barracks |
| 11:25 | Create | Villager (Male) |
| 12:25 | Create | Villager (Male) |
| 12:26 | Create | Villager (Male) |
| 12:40 | Build | House |
| 12:42 | Build | House |
| 12:45 | Build | House |
| 12:51 | Create | Villager (Male) |
| 12:52 | Create | Villager (Male) |
| 13:09 | Build | Mill |
| 13:38 | Create | Villager (Male) |
| 13:39 | Create | Villager (Male) |
| 13:57 | Create | Villager (Male) |
| 14:03 | Build | Lumber Camp |
| 14:14 | Create | Villager (Male) |
| 14:14 | Create | Villager (Male) |
| 14:15 | Create | Villager (Male) |
| 14:15 | Create | Villager (Male) |
| 14:28 | Build | Mining Camp |
| 14:55 | Research | Feudal Age |
| 15:23 | Build | Mining Camp |
| 15:30 | Create | Militia |
| 15:31 | Create | Militia |
| 17:17 | Build | Archery Range |
| 17:22 | Create | Villager (Male) |
| 17:22 | Create | Villager (Male) |
| 17:23 | Create | Villager (Male) |
| 17:23 | Create | Villager (Male) |
| 18:04 | Build | Mill |
| 18:10 | Create | Villager (Male) |
| 18:23 | Build | Watch Tower |
| 18:36 | Build | Market |
| 18:45 | Create | Villager (Male) |
| 18:46 | Create | Villager (Male) |
| 19:19 | Create | Archer |
| 19:23 | Create | Archer |
| 19:49 | Build | Mill |
| 19:55 | Create | Villager (Male) |
| 19:55 | Create | Villager (Male) |
| 19:56 | Create | Villager (Male) |
| 20:30 | Create | Archer |
| 20:31 | Create | Archer |
| 20:58 | Create | Archer |
| 21:41 | Build | House |
| 21:42 | Build | House |
| 21:43 | Build | House |
| 22:01 | Create | Archer |
| 22:02 | Create | Archer |
| 22:03 | Create | Archer |
| 22:10 | Research | Castle Age |
| 22:15 | Create | Archer |
| 22:36 | Create | Archer |
| 22:54 | Build | Mining Camp |
| 23:33 | Create | Archer |
| 23:34 | Create | Archer |
| 24:36 | Create | Archer |
| 24:57 | Research | Thumb Ring |
| 25:00 | Research | Crossbowman (upgrade) |
| 25:08 | Create | Villager (Male) |
| 25:09 | Create | Villager (Male) |
| 25:09 | Create | Villager (Male) |
| 25:09 | Create | Villager (Male) |
| 25:13 | Build | House |
| 25:14 | Build | House |
| 25:16 | Build | House |
| 25:17 | Build | House |
| 25:53 | Create | Archer |
| 25:54 | Create | Archer |
| 27:00 | Build | Lumber Camp |
| 27:19 | Create | Villager (Male) |
| 27:19 | Create | Villager (Male) |
| 27:20 | Create | Villager (Male) |
| 27:22 | Create | Villager (Male) |
| 28:36 | Build | Mill |
| 28:38 | Build | Farm |
| 28:38 | Build | Farm |
| 28:39 | Build | Farm |
| 28:39 | Build | Farm |
| 28:40 | Build | Farm |
| 28:40 | Build | Farm |
| 28:40 | Build | Farm |
| 29:04 | Create | Villager (Male) |
| 29:04 | Create | Villager (Male) |
| 29:05 | Create | Villager (Male) |
| 29:05 | Create | Villager (Male) |
| 29:15 | Build | Farm |
| 29:15 | Build | Farm |
| 30:43 | Build | Farm |
| 30:44 | Build | Farm |
| 30:44 | Build | Farm |
| 30:46 | Build | Farm |
| 31:01 | Build | Farm |
| 31:10 | Create | Villager (Male) |
| 31:10 | Create | Villager (Male) |
| 31:11 | Create | Villager (Male) |
| 31:11 | Create | Villager (Male) |
| 31:11 | Create | Villager (Male) |
| 31:12 | Create | Villager (Male) |
| 31:12 | Create | Villager (Male) |
| 31:26 | Create | Archer |
| 32:10 | Build | Lumber Camp |
| 33:19 | Build | Castle |
| 33:57 | Build | University |
| 34:00 | Build | Blacksmith |
| 34:06 | Create | Villager (Male) |
| 34:06 | Create | Villager (Male) |
| 34:06 | Create | Villager (Male) |
| 34:07 | Create | Villager (Male) |
| 34:07 | Create | Villager (Male) |
| 34:24 | Research | Double-Bit Axe |
| 34:30 | Create | Archer |
| 34:31 | Create | Archer |
| 34:31 | Create | Archer |
| 34:48 | Research | Murder Holes |
| 35:13 | Create | Villager (Male) |
| 35:13 | Create | Villager (Male) |
| 35:13 | Create | Villager (Male) |
| 35:14 | Create | Villager (Male) |
| 35:48 | Create | Archer |
| 35:48 | Create | Archer |
| 36:06 | Research | Imperial Age |
| 36:41 | Build | Castle |
| 37:06 | Build | Siege Workshop |
| 37:14 | Create | Villager (Male) |
| 37:14 | Create | Villager (Male) |
| 37:50 | Create | Archer ×5 |
| 37:58 | Build | Archery Range |
| 38:02 | Build | Archery Range |
| 38:04 | Build | Archery Range |
| 38:28 | Create | Battering Ram |
Build order — Jaereg
First 150 of 182 actions detected
| 3:29 | Build | Town Center |
| 5:21 | Create | Villager (Male) |
| 5:22 | Create | Villager (Male) |
| 5:22 | Create | Villager (Male) |
| 5:22 | Create | Villager (Male) |
| 5:36 | Build | House |
| 5:41 | Build | House |
| 5:47 | Build | House |
| 6:34 | Create | Villager (Male) |
| 6:34 | Create | Villager (Male) |
| 7:36 | Create | Villager (Male) |
| 8:06 | Create | Villager (Male) |
| 8:22 | Create | Villager (Male) |
| 8:49 | Build | Lumber Camp |
| 8:54 | Create | Villager (Male) |
| 8:54 | Create | Villager (Male) |
| 8:54 | Create | Villager (Male) |
| 10:10 | Create | Villager (Male) |
| 10:10 | Create | Villager (Male) |
| 10:10 | Create | Villager (Male) |
| 11:07 | Create | Villager (Male) |
| 11:07 | Create | Villager (Male) |
| 11:07 | Create | Villager (Male) |
| 11:31 | Create | Villager (Male) |
| 11:32 | Create | Villager (Male) |
| 11:44 | Create | Villager (Male) |
| 12:34 | Create | Villager (Male) |
| 12:35 | Create | Villager (Male) |
| 12:35 | Create | Villager (Male) |
| 12:58 | Build | Mill |
| 13:10 | Build | House |
| 13:29 | Build | Farm |
| 13:31 | Build | Farm |
| 13:34 | Build | Farm |
| 13:35 | Build | Farm |
| 13:35 | Build | Farm |
| 13:38 | Build | Farm |
| 13:46 | Create | Villager (Male) |
| 13:46 | Create | Villager (Male) |
| 13:49 | Create | Villager (Male) |
| 14:04 | Build | Farm |
| 14:40 | Create | Villager (Male) |
| 14:40 | Create | Villager (Male) |
| 14:57 | Create | Villager (Male) |
| 14:57 | Create | Villager (Male) |
| 14:58 | Create | Villager (Male) |
| 15:05 | Build | Farm |
| 15:05 | Build | Farm |
| 15:06 | Build | Farm |
| 15:31 | Build | Farm |
| 15:33 | Build | Farm |
| 15:57 | Build | House |
| 16:18 | Build | House |
| 16:28 | Build | House |
| 16:37 | Create | Villager (Male) |
| 16:57 | Create | Villager (Male) |
| 16:58 | Create | Villager (Male) |
| 17:35 | Research | Feudal Age |
| 20:12 | Research | Wheelbarrow |
| 20:13 | Research | Double-Bit Axe |
| 20:24 | Build | Market |
| 20:38 | Build | Barracks |
| 21:04 | Research | Horse Collar |
| 21:36 | Build | Stable |
| 22:05 | Create | Scout Cavalry |
| 22:07 | Research | Castle Age |
| 22:25 | Create | Scout Cavalry |
| 23:13 | Build | Mining Camp |
| 23:17 | Create | Villager (Male) |
| 23:17 | Create | Villager (Male) |
| 23:17 | Create | Villager (Male) |
| 23:54 | Research | Stone Mining |
| 24:24 | Create | Scout Cavalry |
| 24:57 | Research | Stone Shaft Mining |
| 25:01 | Create | Villager (Male) |
| 25:08 | Build | Town Center |
| 25:21 | Create | Villager (Male) |
| 25:34 | Research | Bow Saw |
| 26:43 | Build | University |
| 26:58 | Create | Villager (Male) |
| 26:58 | Create | Villager (Male) |
| 26:58 | Create | Villager (Male) |
| 28:14 | Create | Villager (Male) |
| 28:14 | Create | Villager (Male) |
| 28:14 | Create | Villager (Male) |
| 28:20 | Build | Town Center |
| 28:28 | Create | Villager (Male) |
| 28:28 | Create | Villager (Male) |
| 28:28 | Create | Villager (Male) |
| 28:29 | Create | Villager (Male) |
| 28:34 | Create | Villager (Male) |
| 28:34 | Create | Villager (Male) |
| 29:07 | Create | Villager (Male) |
| 29:07 | Create | Villager (Male) |
| 29:07 | Create | Villager (Male) |
| 29:41 | Create | Villager (Male) |
| 29:41 | Create | Villager (Male) |
| 29:41 | Create | Villager (Male) |
| 29:41 | Create | Villager (Male) |
| 29:42 | Create | Villager (Male) |
| 29:42 | Create | Villager (Male) |
| 29:42 | Create | Villager (Male) |
| 29:43 | Create | Villager (Male) |
| 30:07 | Build | Castle |
| 30:32 | Create | Villager (Male) |
| 30:32 | Create | Villager (Male) |
| 30:32 | Create | Villager (Male) |
| 31:11 | Build | Mining Camp |
| 31:28 | Build | Farm |
| 31:29 | Build | Farm |
| 31:29 | Build | Farm |
| 31:30 | Build | Farm |
| 31:30 | Build | Farm |
| 31:49 | Build | Stone Wall |
| 31:54 | Build | Building 490 |
| 32:15 | Build | Castle |
| 32:29 | Create | Villager (Male) |
| 32:29 | Create | Villager (Male) |
| 32:30 | Create | Villager (Male) |
| 32:30 | Create | Villager (Male) |
| 32:30 | Create | Villager (Male) |
| 32:44 | Create | Villager (Male) |
| 32:44 | Create | Villager (Male) |
| 32:55 | Create | Villager (Male) |
| 32:55 | Create | Villager (Male) |
| 33:49 | Build | Mining Camp |
| 33:54 | Create | Villager (Male) |
| 33:54 | Create | Villager (Male) |
| 33:54 | Create | Villager (Male) |
| 33:54 | Create | Villager (Male) |
| 33:56 | Create | Villager (Male) |
| 33:56 | Create | Villager (Male) |
| 34:04 | Create | Villager (Male) |
| 34:09 | Build | Farm |
| 34:10 | Build | Farm |
| 34:10 | Build | Farm |
| 34:10 | Build | Farm |
| 34:10 | Build | Farm |
| 34:11 | Build | Farm |
| 34:11 | Build | Farm |
| 34:12 | Build | Farm |
| 34:47 | Create | Woad Raider |
| 35:01 | Research | Murder Holes |
| 35:40 | Build | Castle |
| 35:56 | Create | Villager (Male) |
| 35:56 | Create | Villager (Male) |
| 35:56 | Create | Villager (Male) |
| 35:56 | Create | Villager (Male) |
| 35:57 | Create | Villager (Male) |
| 35:57 | Create | Villager (Male) |
Build order — |RAZER|Spider
First 150 of 185 actions detected
| 2:11 | Build | Town Center |
| 3:43 | Build | Mill |
| 3:55 | Build | House |
| 3:57 | Build | House |
| 3:59 | Build | House |
| 4:01 | Build | House |
| 4:29 | Create | Villager (Male) |
| 4:29 | Create | Villager (Male) |
| 4:30 | Create | Villager (Male) |
| 4:31 | Create | Villager (Male) |
| 6:07 | Create | Villager (Male) |
| 6:30 | Create | Villager (Male) |
| 7:00 | Create | Villager (Male) |
| 7:23 | Create | Villager (Male) |
| 7:55 | Research | Loom |
| 7:55 | Create | Villager (Male) |
| 9:36 | Create | Villager (Male) |
| 9:36 | Create | Villager (Male) |
| 9:37 | Create | Villager (Male) |
| 9:39 | Create | Villager (Male) |
| 11:08 | Build | Lumber Camp |
| 11:40 | Build | Mill |
| 12:02 | Build | Farm |
| 12:05 | Build | Farm |
| 12:32 | Build | Farm |
| 12:59 | Build | Farm |
| 13:10 | Research | Feudal Age |
| 13:31 | Create | Villager (Male) |
| 14:46 | Create | Villager (Male) |
| 14:46 | Create | Villager (Male) |
| 14:47 | Create | Villager (Male) |
| 14:49 | Create | Villager (Male) |
| 15:21 | Build | Barracks |
| 15:26 | Research | Horse Collar |
| 15:30 | Research | Double-Bit Axe |
| 16:30 | Build | Mining Camp |
| 16:42 | Research | Man-at-Arms (upgrade) |
| 17:14 | Research | Town Watch |
| 17:17 | Research | Wheelbarrow |
| 17:44 | Build | Farm |
| 18:13 | Create | Villager (Male) |
| 18:14 | Create | Villager (Male) |
| 18:15 | Create | Villager (Male) |
| 18:21 | Create | Villager (Male) |
| 18:50 | Build | House |
| 18:51 | Build | House |
| 18:53 | Build | House |
| 18:54 | Build | House |
| 18:56 | Build | House |
| 19:23 | Build | Farm |
| 20:13 | Build | Farm |
| 20:18 | Create | Villager (Male) |
| 20:18 | Create | Villager (Male) |
| 20:19 | Create | Villager (Male) |
| 21:00 | Build | Barracks |
| 21:02 | Build | Barracks |
| 21:05 | Build | Barracks |
| 21:25 | Build | Farm |
| 21:55 | Build | Farm |
| 22:47 | Build | Mining Camp |
| 22:52 | Build | Farm |
| 23:55 | Create | Villager (Male) |
| 23:56 | Create | Villager (Male) |
| 23:56 | Create | Villager (Male) |
| 23:57 | Create | Villager (Male) |
| 24:08 | Research | Gold Mining |
| 24:08 | Research | Stone Mining |
| 25:04 | Build | Watch Tower |
| 25:24 | Research | Arson |
| 25:25 | Create | Spearman |
| 25:26 | Create | Spearman |
| 25:26 | Create | Spearman |
| 25:27 | Create | Spearman |
| 25:27 | Create | Spearman |
| 25:27 | Create | Spearman |
| 25:27 | Create | Spearman |
| 25:28 | Create | Spearman |
| 25:28 | Create | Spearman |
| 25:28 | Create | Spearman |
| 25:29 | Create | Spearman |
| 25:29 | Create | Spearman |
| 25:29 | Create | Spearman |
| 25:30 | Create | Spearman |
| 25:30 | Create | Spearman |
| 25:31 | Create | Spearman |
| 25:31 | Create | Spearman |
| 25:31 | Create | Spearman |
| 25:32 | Create | Spearman |
| 25:34 | Create | Militia |
| 25:34 | Create | Militia |
| 25:34 | Create | Militia |
| 26:13 | Build | Watch Tower |
| 26:44 | Build | Farm |
| 26:47 | Build | Farm |
| 26:50 | Build | Farm |
| 27:06 | Build | Market |
| 27:31 | Build | House |
| 27:32 | Build | House |
| 27:34 | Build | House |
| 27:36 | Build | House |
| 27:37 | Build | House |
| 27:40 | Build | House |
| 27:42 | Build | House |
| 27:46 | Build | House |
| 27:48 | Build | House |
| 28:49 | Create | Villager (Male) |
| 28:50 | Create | Villager (Male) |
| 28:50 | Create | Villager (Male) |
| 28:51 | Create | Villager (Male) |
| 29:18 | Create | Militia |
| 29:19 | Create | Militia |
| 29:19 | Create | Militia |
| 29:19 | Create | Militia |
| 29:19 | Create | Militia |
| 29:20 | Create | Militia |
| 29:20 | Create | Militia |
| 29:20 | Create | Militia |
| 29:21 | Create | Militia |
| 29:21 | Create | Militia |
| 29:21 | Create | Militia |
| 29:22 | Create | Militia |
| 29:22 | Create | Militia |
| 29:22 | Create | Militia |
| 29:22 | Create | Militia |
| 29:55 | Create | Militia |
| 29:56 | Create | Militia |
| 30:16 | Create | Villager (Male) |
| 30:16 | Create | Villager (Male) |
| 30:17 | Create | Villager (Male) |
| 30:17 | Create | Villager (Male) |
| 30:49 | Build | Blacksmith |
| 30:56 | Build | Archery Range |
| 31:01 | Build | Archery Range |
| 31:02 | Build | Archery Range |
| 31:05 | Build | Archery Range |
| 31:08 | Build | Archery Range |
| 33:11 | Build | Lumber Camp |
| 34:05 | Research | Forging |
| 34:06 | Research | Scale Mail Armor |
| 34:08 | Research | Padded Archer Armor |
| 35:56 | Create | Militia |
| 35:56 | Create | Militia |
| 35:57 | Create | Militia |
| 35:57 | Create | Militia |
| 35:57 | Create | Militia |
| 35:57 | Create | Militia |
| 35:58 | Create | Militia |
| 35:58 | Create | Militia |
| 35:58 | Create | Militia |
| 35:59 | Create | Militia |
Build order — Hector Salamanca
First 150 of 200 actions detected
| 0:25 | Build | Town Center |
| 2:54 | Create | Villager (Male) |
| 2:54 | Create | Villager (Male) |
| 2:54 | Create | Villager (Male) |
| 2:54 | Create | Villager (Male) |
| 3:38 | Build | Mill |
| 5:07 | Build | House |
| 5:10 | Build | House |
| 5:12 | Build | House |
| 5:16 | Build | House |
| 6:15 | Create | Villager (Male) |
| 6:19 | Create | Villager (Male) |
| 7:11 | Build | Farm |
| 7:42 | Create | Villager (Male) |
| 7:43 | Create | Villager (Male) |
| 8:01 | Create | Villager (Male) |
| 8:01 | Create | Villager (Male) |
| 8:43 | Create | Villager (Male) |
| 9:04 | Build | Farm |
| 9:15 | Create | Villager (Male) |
| 9:34 | Build | Farm |
| 9:40 | Create | Villager (Male) |
| 9:56 | Create | Villager (Male) |
| 10:18 | Build | Farm |
| 10:21 | Create | Villager (Male) |
| 10:41 | Build | Farm |
| 10:56 | Create | Villager (Male) |
| 11:12 | Build | Farm |
| 11:24 | Create | Villager (Male) |
| 11:24 | Create | Villager (Male) |
| 11:33 | Build | Farm |
| 11:39 | Create | Villager (Male) |
| 12:12 | Create | Villager (Male) |
| 12:12 | Create | Villager (Male) |
| 12:18 | Build | Farm |
| 12:35 | Create | Villager (Male) |
| 13:02 | Create | Villager (Male) |
| 13:13 | Build | Farm |
| 13:20 | Build | Farm |
| 13:35 | Create | Villager (Male) |
| 13:55 | Build | Lumber Camp |
| 14:18 | Create | Villager (Male) |
| 14:43 | Build | House |
| 14:45 | Build | House |
| 14:48 | Build | House |
| 14:51 | Build | House |
| 14:53 | Build | House |
| 15:38 | Build | Dock |
| 15:48 | Research | Feudal Age |
| 15:56 | Research | Loom |
| 16:19 | Create | Fishing Ship |
| 16:21 | Create | Fishing Ship |
| 17:09 | Build | Farm |
| 17:34 | Create | Fishing Ship |
| 18:08 | Build | Blacksmith |
| 18:16 | Research | Wheelbarrow |
| 18:21 | Research | Double-Bit Axe |
| 18:38 | Build | Farm |
| 19:04 | Create | Villager (Male) |
| 19:05 | Create | Villager (Male) |
| 19:05 | Create | Villager (Male) |
| 19:05 | Create | Villager (Male) |
| 19:06 | Create | Villager (Male) |
| 19:19 | Research | Horse Collar |
| 19:42 | Build | Barracks |
| 20:10 | Research | Scale Mail Armor |
| 20:12 | Research | Forging |
| 20:14 | Research | Padded Archer Armor |
| 20:37 | Build | Mining Camp |
| 20:47 | Create | Villager (Male) |
| 20:47 | Create | Villager (Male) |
| 21:05 | Build | Farm |
| 21:23 | Build | Farm |
| 22:07 | Create | Villager (Male) |
| 22:07 | Create | Villager (Male) |
| 22:18 | Research | Padded Archer Armor |
| 22:22 | Research | Scale Barding Armor |
| 22:25 | Research | Scale Mail Armor |
| 22:27 | Research | Forging |
| 22:46 | Build | Market |
| 22:53 | Research | Gold Mining |
| 22:57 | Research | Man-at-Arms (upgrade) |
| 23:32 | Research | Fletching |
| 23:53 | Research | Town Watch |
| 24:03 | Research | Arson |
| 24:06 | Research | Stone Mining |
| 24:20 | Create | Militia |
| 24:21 | Create | Militia |
| 24:29 | Research | Castle Age |
| 24:35 | Build | Farm |
| 24:42 | Create | Villager (Male) |
| 25:04 | Create | Militia |
| 25:05 | Create | Militia |
| 25:07 | Create | Militia |
| 25:08 | Create | Militia |
| 25:21 | Build | Farm |
| 25:52 | Build | Archery Range |
| 26:11 | Build | Stone Wall |
| 26:33 | Create | Trade Cart |
| 26:34 | Create | Trade Cart |
| 26:36 | Create | Trade Cart |
| 26:37 | Create | Trade Cart |
| 26:37 | Create | Trade Cart |
| 26:38 | Create | Trade Cart |
| 26:52 | Research | Tech 906 |
| 27:21 | Create | Villager (Male) |
| 27:21 | Create | Villager (Male) |
| 27:33 | Research | Crossbowman (upgrade) |
| 27:35 | Research | Long Swordsman (upgrade) |
| 27:58 | Build | Stone Wall |
| 28:04 | Research | Hand Cart |
| 28:07 | Research | Leather Archer Armor |
| 28:12 | Create | Archer |
| 28:13 | Create | Archer |
| 28:14 | Create | Archer |
| 28:52 | Build | Stone Wall |
| 29:09 | Build | House |
| 29:54 | Research | Thumb Ring |
| 29:57 | Research | Gambesons |
| 29:58 | Research | Pikeman (upgrade) |
| 30:10 | Build | Farm |
| 30:18 | Create | Villager (Male) |
| 30:18 | Create | Villager (Male) |
| 30:18 | Create | Villager (Male) |
| 30:19 | Create | Villager (Male) |
| 30:19 | Create | Villager (Male) |
| 30:30 | Build | Lumber Camp |
| 30:46 | Build | House |
| 30:49 | Build | House |
| 30:53 | Build | House |
| 30:56 | Build | House |
| 31:30 | Research | Town Patrol |
| 31:37 | Create | Villager (Male) |
| 31:37 | Create | Villager (Male) |
| 31:40 | Research | Chain Mail Armor |
| 31:59 | Create | Trade Cog |
| 32:00 | Create | Trade Cog |
| 32:10 | Create | Villager (Male) |
| 32:10 | Create | Villager (Male) |
| 32:11 | Create | Villager (Male) |
| 32:25 | Research | Bow Saw |
| 32:50 | Build | Farm |
| 33:04 | Create | Trade Cog |
| 33:05 | Create | Trade Cog |
| 33:13 | Create | Villager (Male) |
| 33:14 | Create | Villager (Male) |
| 33:14 | Create | Villager (Male) |
| 33:49 | Build | Barracks |
| 34:09 | Create | Trade Cog |
| 34:10 | Create | Trade Cog |
Build order — Wogsy2010
105 actions detected in the replay
| 1:57 | Build | Town Center |
| 2:48 | Build | House |
| 2:52 | Build | House |
| 4:33 | Create | Villager (Male) |
| 4:33 | Create | Villager (Male) |
| 4:34 | Create | Villager (Male) |
| 4:34 | Create | Villager (Male) |
| 4:34 | Create | Villager (Male) |
| 5:56 | Create | Villager (Male) ×2 |
| 5:56 | Research | Loom |
| 7:06 | Create | Villager (Male) ×2 |
| 7:13 | Build | Dock |
| 7:33 | Create | Villager (Male) |
| 8:14 | Create | Villager (Male) |
| 8:20 | Create | Fishing Ship |
| 8:40 | Build | House |
| 9:31 | Create | Fishing Ship |
| 9:40 | Create | Villager (Male) |
| 9:41 | Create | Villager (Male) |
| 9:41 | Create | Villager (Male) |
| 10:34 | Create | Fishing Ship ×2 |
| 10:35 | Create | Fishing Ship ×2 |
| 10:49 | Create | Villager (Male) ×4 |
| 10:56 | Build | House |
| 10:57 | Build | House |
| 10:59 | Build | House |
| 11:20 | Create | Villager (Male) ×2 |
| 11:50 | Build | Mill |
| 11:59 | Create | Villager (Male) |
| 12:34 | Create | Fishing Ship ×2 |
| 12:34 | Create | Fishing Ship ×2 |
| 12:48 | Create | Villager (Male) ×2 |
| 12:48 | Create | Villager (Male) ×2 |
| 13:21 | Build | Barracks |
| 13:31 | Create | Villager (Male) ×3 |
| 13:41 | Build | House |
| 13:50 | Build | House |
| 13:51 | Build | House |
| 13:52 | Build | House |
| 14:18 | Create | Villager (Male) |
| 14:18 | Create | Villager (Male) |
| 14:18 | Create | Villager (Male) |
| 14:56 | Create | Militia |
| 15:15 | Build | Farm |
| 15:16 | Build | Farm |
| 15:17 | Build | Farm |
| 15:18 | Build | Farm |
| 15:20 | Build | Farm |
| 15:22 | Build | Farm |
| 16:11 | Build | Lumber Camp |
| 16:36 | Research | Feudal Age |
| 17:48 | Build | Mining Camp |
| 18:36 | Create | Villager (Male) ×5 |
| 19:18 | Build | Lumber Camp |
| 19:43 | Build | Market |
| 19:47 | Build | Blacksmith |
| 19:55 | Build | Archery Range |
| 20:01 | Research | Double-Bit Axe |
| 20:05 | Research | Horse Collar |
| 20:08 | Research | Wheelbarrow |
| 20:15 | Create | Villager (Male) |
| 20:15 | Create | Villager (Male) |
| 20:15 | Create | Villager (Male) |
| 20:16 | Create | Villager (Male) |
| 20:50 | Research | Fletching |
| 20:59 | Build | Mining Camp |
| 21:14 | Research | Padded Archer Armor |
| 21:15 | Research | Forging |
| 21:16 | Research | Scale Barding Armor |
| 21:34 | Create | Archer ×5 |
| 21:35 | Create | Archer ×2 |
| 21:35 | Create | Archer ×2 |
| 21:43 | Build | Stable |
| 21:50 | Create | Archer |
| 21:54 | Create | Archer |
| 22:02 | Research | Gold Mining |
| 22:07 | Research | Stone Mining |
| 22:19 | Create | Scout Cavalry ×2 |
| 23:09 | Build | Watch Tower |
| 23:22 | Build | House |
| 23:23 | Build | House |
| 23:29 | Build | House |
| 23:31 | Build | House |
| 23:31 | Build | House |
| 25:06 | Research | Castle Age |
| 25:43 | Create | Skirmisher ×3 |
| 25:43 | Create | Archer |
| 27:26 | Create | Scout Cavalry ×4 |
| 28:14 | Build | Castle |
| 28:26 | Build | Siege Workshop |
| 28:47 | Research | Crossbowman (upgrade) |
| 30:29 | Create | Battering Ram |
| 30:30 | Create | Battering Ram |
| 31:32 | Create | Mangonel |
| 31:47 | Build | Castle |
| 33:24 | Build | Siege Workshop |
| 33:58 | Create | Knight ×3 |
| 34:23 | Create | Knight |
| 35:53 | Build | Castle |
| 36:49 | Build | Castle |
| 36:56 | Create | Knight |
| 36:56 | Create | Knight |
| 37:39 | Create | Knight |
| 37:39 | Create | Knight |
| 38:55 | Create | Villager (Male) ×4 |
Build order — Rompe--Anos
First 150 of 151 actions detected
| 1:07 | Build | Town Center |
| 3:44 | Build | House |
| 4:01 | Research | Loom |
| 4:01 | Create | Villager (Male) |
| 4:01 | Create | Villager (Male) |
| 4:02 | Create | Villager (Male) |
| 4:02 | Create | Villager (Male) |
| 4:02 | Create | Villager (Male) |
| 5:34 | Create | Villager (Male) |
| 5:35 | Create | Villager (Male) |
| 5:59 | Build | Settlement |
| 6:14 | Create | Villager (Male) |
| 6:14 | Create | Villager (Male) |
| 6:55 | Create | Villager (Male) |
| 6:55 | Create | Villager (Male) |
| 7:16 | Create | Villager (Male) |
| 7:41 | Create | Villager (Male) |
| 8:24 | Create | Villager (Male) |
| 8:24 | Create | Villager (Male) |
| 8:24 | Create | Villager (Male) |
| 8:41 | Create | Villager (Male) |
| 8:41 | Create | Villager (Male) |
| 8:49 | Build | Dock |
| 9:10 | Create | Villager (Male) |
| 9:45 | Create | Fishing Ship |
| 10:03 | Create | Villager (Male) |
| 10:03 | Create | Villager (Male) |
| 10:03 | Create | Villager (Male) |
| 10:03 | Create | Villager (Male) |
| 10:08 | Create | Fishing Ship |
| 10:57 | Create | Fishing Ship |
| 11:20 | Create | Villager (Male) |
| 11:20 | Create | Villager (Male) |
| 11:20 | Create | Villager (Male) |
| 11:21 | Create | Villager (Male) |
| 11:21 | Create | Villager (Male) |
| 11:34 | Build | House |
| 12:08 | Create | Fishing Ship |
| 12:08 | Create | Fishing Ship |
| 12:18 | Build | House |
| 12:31 | Create | Villager (Male) |
| 12:32 | Create | Villager (Male) |
| 12:32 | Create | Villager (Male) |
| 13:03 | Build | Barracks |
| 13:25 | Create | Fishing Ship |
| 14:23 | Create | Villager (Male) |
| 14:33 | Create | Fishing Ship |
| 14:41 | Create | Fishing Ship |
| 14:41 | Create | Fishing Ship |
| 14:57 | Research | Feudal Age |
| 16:05 | Create | Fishing Ship |
| 16:40 | Create | Villager (Male) |
| 16:40 | Create | Villager (Male) |
| 17:22 | Build | Archery Range |
| 17:46 | Create | Fishing Ship |
| 17:46 | Create | Fishing Ship |
| 18:38 | Build | Blacksmith |
| 19:30 | Research | Castle Age |
| 19:52 | Create | Fishing Ship |
| 19:53 | Create | Fishing Ship |
| 19:57 | Create | Fishing Ship |
| 19:57 | Create | Fishing Ship |
| 20:10 | Create | Unit 2550 |
| 20:10 | Create | Unit 2550 |
| 20:11 | Create | Unit 2550 |
| 20:11 | Create | Unit 2550 |
| 20:58 | Create | Unit 2626 |
| 20:58 | Create | Unit 2626 |
| 21:00 | Create | Unit 2626 |
| 21:07 | Create | Unit 2626 |
| 21:19 | Build | Barracks |
| 22:07 | Research | Tech 1402 |
| 22:22 | Create | Unit 2550 |
| 22:22 | Create | Unit 2550 |
| 22:22 | Create | Unit 2550 |
| 22:22 | Create | Unit 2550 |
| 22:23 | Create | Unit 2550 |
| 22:45 | Build | Castle |
| 22:58 | Create | Unit 2550 |
| 22:58 | Create | Unit 2550 |
| 22:58 | Create | Unit 2550 |
| 23:53 | Create | Villager (Male) |
| 23:53 | Create | Villager (Male) |
| 23:54 | Create | Villager (Male) |
| 24:28 | Build | Siege Workshop |
| 24:36 | Research | Town Watch |
| 25:18 | Build | Settlement |
| 25:31 | Create | Battering Ram |
| 25:31 | Create | Battering Ram |
| 25:54 | Create | Unit 2550 |
| 25:55 | Create | Unit 2550 |
| 25:55 | Create | Unit 2550 |
| 25:59 | Create | Unit 2550 |
| 25:59 | Create | Unit 2550 |
| 26:40 | Create | Fishing Ship |
| 26:40 | Create | Fishing Ship |
| 26:40 | Create | Fishing Ship |
| 27:42 | Create | Kamayuk |
| 27:42 | Create | Kamayuk |
| 27:42 | Create | Kamayuk |
| 27:43 | Create | Kamayuk |
| 28:14 | Create | Unit 2550 |
| 28:14 | Create | Unit 2550 |
| 28:16 | Create | Unit 2550 |
| 28:16 | Create | Unit 2550 |
| 28:28 | Create | Battering Ram |
| 28:28 | Create | Battering Ram |
| 28:34 | Create | Kamayuk |
| 28:35 | Create | Kamayuk |
| 29:14 | Create | Kamayuk |
| 29:14 | Create | Kamayuk |
| 29:15 | Create | Kamayuk |
| 29:15 | Create | Kamayuk |
| 31:54 | Create | Fishing Ship |
| 31:55 | Create | Fishing Ship |
| 32:23 | Create | Mangonel |
| 34:07 | Build | Farm |
| 34:07 | Build | Farm |
| 34:07 | Build | Farm |
| 34:08 | Build | Farm |
| 34:08 | Build | Farm |
| 34:08 | Build | Farm |
| 34:09 | Build | Farm |
| 34:09 | Build | Farm |
| 34:09 | Build | Farm |
| 34:56 | Create | Mangonel |
| 35:00 | Create | Unit 2550 |
| 35:00 | Create | Unit 2550 |
| 35:03 | Create | Unit 2550 |
| 35:03 | Create | Unit 2550 |
| 35:06 | Build | House |
| 35:07 | Build | House |
| 35:08 | Build | House |
| 35:41 | Create | Villager (Male) |
| 35:41 | Create | Villager (Male) |
| 35:42 | Create | Villager (Male) |
| 35:42 | Create | Villager (Male) |
| 35:42 | Create | Villager (Male) |
| 35:42 | Create | Villager (Male) |
| 35:43 | Create | Villager (Male) |
| 35:43 | Create | Villager (Male) |
| 35:43 | Create | Villager (Male) |
| 35:44 | Create | Villager (Male) |
| 35:44 | Create | Villager (Male) |
| 35:44 | Create | Villager (Male) |
| 37:11 | Build | Town Center |
| 38:59 | Build | Castle |
| 39:13 | Create | Villager (Male) |
| 39:13 | Create | Villager (Male) |
| 39:13 | Create | Villager (Male) |
Build order — PicPlaysGMEs
83 actions detected in the replay
| 0:27 | Build | Town Center |
| 3:08 | Build | House |
| 3:10 | Build | House |
| 3:11 | Build | House |
| 3:13 | Build | House |
| 3:23 | Research | Loom |
| 3:23 | Create | Villager (Male) ×4 |
| 4:29 | Create | Villager (Male) |
| 4:29 | Create | Villager (Male) |
| 5:30 | Create | Villager (Male) |
| 9:11 | Build | Dock |
| 9:30 | Create | Villager (Male) ×5 |
| 9:32 | Create | Villager (Male) |
| 10:01 | Create | Fishing Ship |
| 10:37 | Create | Fishing Ship |
| 10:41 | Create | Villager (Male) ×2 |
| 11:09 | Create | Villager (Male) |
| 11:42 | Build | Mill |
| 12:15 | Create | Villager (Male) |
| 12:17 | Create | Villager (Male) |
| 12:44 | Create | Villager (Male) |
| 12:45 | Create | Villager (Male) |
| 13:23 | Create | Fishing Ship |
| 13:23 | Create | Fishing Ship |
| 13:50 | Create | Villager (Male) |
| 14:37 | Build | House |
| 14:40 | Build | House |
| 14:42 | Build | House |
| 14:44 | Build | House |
| 14:50 | Build | Barracks |
| 15:31 | Build | House |
| 15:39 | Build | Palisade Wall |
| 15:47 | Build | Palisade Wall |
| 17:07 | Research | Feudal Age |
| 17:38 | Create | Militia ×5 |
| 17:56 | Build | Mining Camp |
| 18:29 | Create | Fishing Ship |
| 18:29 | Create | Fishing Ship |
| 19:31 | Build | Archery Range |
| 19:42 | Build | Watch Tower |
| 19:50 | Build | Watch Tower |
| 20:02 | Build | Palisade Wall |
| 20:08 | Research | Arson |
| 20:09 | Research | Man-at-Arms (upgrade) |
| 20:26 | Create | Archer ×5 |
| 21:08 | Build | Blacksmith |
| 21:44 | Create | Militia ×5 |
| 21:50 | Research | Scale Mail Armor |
| 21:51 | Research | Forging |
| 21:52 | Research | Fletching |
| 22:52 | Create | Villager (Male) |
| 22:52 | Create | Villager (Male) |
| 22:52 | Create | Villager (Male) |
| 26:35 | Create | Archer |
| 26:36 | Create | Archer |
| 26:37 | Create | Archer |
| 26:41 | Create | Archer |
| 26:44 | Research | Castle Age |
| 28:46 | Create | Archer |
| 29:30 | Build | Castle |
| 29:47 | Create | Villager (Male) ×2 |
| 30:44 | Build | Farm |
| 30:46 | Build | Farm |
| 30:47 | Build | Farm |
| 30:49 | Build | Farm |
| 30:51 | Build | Farm |
| 30:53 | Build | Farm |
| 30:54 | Build | Farm |
| 30:56 | Build | Farm |
| 31:02 | Create | Villager (Male) ×2 |
| 31:33 | Build | Lumber Camp |
| 32:15 | Create | Petard |
| 33:24 | Create | Villager (Male) ×5 |
| 33:24 | Create | Villager (Male) ×5 |
| 33:38 | Create | Jaguar Warrior ×5 |
| 33:38 | Create | Jaguar Warrior ×5 |
| 33:38 | Create | Jaguar Warrior ×5 |
| 34:08 | Build | Town Center |
| 34:41 | Build | Siege Workshop |
| 35:09 | Create | Battering Ram |
| 35:10 | Create | Battering Ram |
| 38:03 | Build | Castle |
| 38:32 | Create | Jaguar Warrior |
Build order — Master Suknip
59 actions detected in the replay
| 1:57 | Build | House |
| 3:27 | Build | Town Center |
| 5:14 | Create | Villager (Male) ×4 |
| 5:24 | Build | Mill |
| 6:56 | Create | Villager (Male) |
| 7:36 | Create | Villager (Male) |
| 8:26 | Build | House |
| 8:38 | Build | House |
| 8:48 | Create | Villager (Male) ×3 |
| 9:32 | Create | Villager (Male) |
| 9:33 | Create | Villager (Male) |
| 9:42 | Build | House |
| 11:56 | Build | Lumber Camp |
| 12:09 | Create | Villager (Male) ×5 |
| 12:37 | Create | Villager (Male) ×3 |
| 13:00 | Create | Villager (Male) |
| 13:04 | Research | Loom |
| 13:51 | Create | Villager (Male) |
| 14:29 | Create | Villager (Male) |
| 15:05 | Create | Villager (Male) |
| 15:24 | Build | Farm |
| 15:25 | Build | Farm |
| 15:27 | Build | Farm |
| 15:30 | Build | Farm |
| 15:31 | Build | Farm |
| 15:32 | Build | Farm |
| 15:35 | Build | Farm |
| 15:44 | Create | Villager (Male) |
| 16:00 | Build | House |
| 16:17 | Create | Villager (Male) |
| 16:36 | Research | Feudal Age |
| 16:53 | Research | Horse Collar |
| 17:10 | Research | Double-Bit Axe |
| 18:12 | Build | Dock |
| 18:44 | Create | Fishing Ship ×4 |
| 19:25 | Create | Unit 2626 |
| 19:57 | Research | Bow Saw |
| 20:01 | Research | Heavy Plow |
| 20:06 | Create | Villager (Male) ×5 |
| 20:22 | Build | House |
| 24:52 | Build | Barracks |
| 25:11 | Create | Villager (Male) ×5 |
| 26:36 | Build | House |
| 26:41 | Build | House |
| 26:55 | Build | Watch Tower |
| 27:17 | Create | Villager (Male) ×5 |
| 28:57 | Build | Market |
| 30:21 | Build | Town Center |
| 31:23 | Build | House |
| 32:25 | Build | Blacksmith |
| 33:07 | Research | Castle Age |
| 34:14 | Build | Archery Range |
| 35:29 | Build | Mill |
| 36:02 | Build | Farm |
| 36:03 | Build | Farm |
| 36:07 | Build | Farm |
| 37:01 | Create | Villager (Male) ×2 |
| 38:30 | Build | Town Center |
| 39:20 | Create | Villager (Male) ×2 |
Match timeline
| 7:13 | Wogsy2010 · first_building Dock |
| 8:49 | Rompe--Anos · first_building Dock |
| 9:11 | PicPlaysGMEs · first_building Dock |
| 11:21 | SkilzDatKilz845 · first_building Barracks |
| 13:03 | Rompe--Anos · first_building Barracks |
| 13:21 | Wogsy2010 · first_building Barracks |
| 14:50 | PicPlaysGMEs · first_building Barracks |
| 15:21 | |RAZER|Spider · first_building Barracks |
| 15:38 | Hector Salamanca · first_building Dock |
| 15:39 | PicPlaysGMEs · wall_segment Palisade Wall x5 |
| 15:47 | PicPlaysGMEs · wall_segment Palisade Wall x11 |
| 17:17 | SkilzDatKilz845 · first_building Archery Range |
| 17:22 | Rompe--Anos · first_building Archery Range |
| 18:12 | Master Suknip · first_building Dock |
| 19:31 | PicPlaysGMEs · first_building Archery Range |
| 19:42 | Hector Salamanca · first_building Barracks |
| 19:55 | Wogsy2010 · first_building Archery Range |
| 20:02 | PicPlaysGMEs · wall_segment Palisade Wall x5 |
| 20:38 | Jaereg · first_building Barracks |
| 21:17 | Jaereg · first_market_sell 100 wood |
| 21:36 | Jaereg · first_building Stable |
| 21:43 | Wogsy2010 · first_building Stable |
| 21:46 | Jaereg · first_market_buy 100 food |
| 22:45 | Rompe--Anos · first_building Castle |
| 24:28 | Rompe--Anos · first_building Siege Workshop |
| 24:52 | Master Suknip · first_building Barracks |
| 24:59 | Wogsy2010 · first_market_sell 500 stone |
| 25:00 | Wogsy2010 · first_market_buy 500 food |
| 25:22 | SkilzDatKilz845 · first_market_sell 100 food |
| 25:52 | Hector Salamanca · first_building Archery Range |
| 26:11 | Hector Salamanca · wall_segment Stone Wall x5 |
| 27:58 | Hector Salamanca · wall_segment Stone Wall x10 |
| 28:14 | Wogsy2010 · first_building Castle |
| 28:26 | Wogsy2010 · first_building Siege Workshop |
| 28:52 | Hector Salamanca · wall_segment Stone Wall x4 |
| 29:02 | Wogsy2010 · tribute_sent a jugador 1 |
| 29:02 | Wogsy2010 · tribute_sent a jugador 2 |
| 29:02 | Wogsy2010 · tribute_sent a jugador 3 |
| 29:02 | Wogsy2010 · tribute_sent a jugador 5 |
| 29:02 | Wogsy2010 · tribute_sent a jugador 6 |
| 29:02 | Wogsy2010 · tribute_sent a jugador 7 |
| 29:02 | Wogsy2010 · tribute_sent a jugador 8 |
| 29:30 | PicPlaysGMEs · first_building Castle |
| 30:07 | Jaereg · first_building Castle |
| 30:56 | |RAZER|Spider · first_building Archery Range |
| 31:43 | Master Suknip · first_market_sell 500 wood |
| 31:46 | Master Suknip · first_market_buy 100 food |
| 31:49 | Jaereg · wall_segment Stone Wall x5 |
| 32:23 | Wogsy2010 · tribute_sent a jugador 1 |
| 32:23 | Wogsy2010 · tribute_sent a jugador 2 |
| 32:23 | Wogsy2010 · tribute_sent a jugador 3 |
| 32:23 | Wogsy2010 · tribute_sent a jugador 5 |
| 32:23 | Wogsy2010 · tribute_sent a jugador 6 |
| 32:23 | Wogsy2010 · tribute_sent a jugador 7 |
| 32:23 | Wogsy2010 · tribute_sent a jugador 8 |
| 32:26 | SkilzDatKilz845 · first_market_buy 100 stone |
| 32:32 | |RAZER|Spider · tribute_sent a jugador 1 |
| 32:32 | |RAZER|Spider · tribute_sent a jugador 3 |
| 32:32 | |RAZER|Spider · tribute_sent a jugador 4 |
| 32:32 | |RAZER|Spider · tribute_sent a jugador 5 |
| 32:32 | |RAZER|Spider · tribute_sent a jugador 6 |
| 32:32 | |RAZER|Spider · tribute_sent a jugador 7 |
| 32:32 | |RAZER|Spider · tribute_sent a jugador 8 |
| 33:19 | SkilzDatKilz845 · first_building Castle |
| 34:14 | Master Suknip · first_building Archery Range |
| 34:41 | PicPlaysGMEs · first_building Siege Workshop |
| 35:07 | Master Suknip · tribute_sent a jugador 1 |
| 35:07 | Master Suknip · tribute_sent a jugador 2 |
| 35:07 | Master Suknip · tribute_sent a jugador 3 |
| 35:07 | Master Suknip · tribute_sent a jugador 4 |
| 35:07 | Master Suknip · tribute_sent a jugador 5 |
| 35:07 | Master Suknip · tribute_sent a jugador 6 |
| 35:07 | Master Suknip · tribute_sent a jugador 7 |
| 37:06 | SkilzDatKilz845 · first_building Siege Workshop |
| 38:37 | Hector Salamanca · first_market_buy 100 food |
| 38:57 | Jaereg · wall_segment Stone Wall x4 |
| 39:08 | |RAZER|Spider · tribute_sent a jugador 1 |
| 39:08 | |RAZER|Spider · tribute_sent a jugador 3 |
| 39:08 | |RAZER|Spider · tribute_sent a jugador 4 |
| 39:08 | |RAZER|Spider · tribute_sent a jugador 5 |
| 39:08 | |RAZER|Spider · tribute_sent a jugador 6 |
| 39:08 | |RAZER|Spider · tribute_sent a jugador 7 |
| 39:08 | |RAZER|Spider · tribute_sent a jugador 8 |
| 39:20 | Jaereg · wall_segment Stone Wall x9 |
| 39:20 | Hector Salamanca · wall_segment Stone Wall x17 |
| 39:34 | PicPlaysGMEs · resign |
| 40:06 | Hector Salamanca · first_market_sell 100 food |
[ AI ANALYSIS · 1 CREDIT ]
What really happened in this match?
Wolo.gg analyzes every decision: build order, eco, micro, common mistakes by bracket. Personalized analysis on WhatsApp or Discord in 30 seconds.
Civ guide
Vietnamese
Map guide
Nomad
Perfil
Jugador #12846310